AoeStats
← 公鸡神探

QS Arena

503774847Analyzed
4v4 RM · 1mo ago on Sep 2, 2026· 66m 29s· 8 players
Game mode
Random Map
Map size
Large (8 player)
Population
200
Speed
Normal
Resources
Standard
Victory
Conquest
Starting age
Dark Age
Ending age
Imperial Age
RankedLock teamsTeams togetherTeam positionsShared explorationLock speedFull tech treeHidden civsTurbo modeCheats
Victory
Defeat
🇨🇦 Celts · Canada
1126
+16
🇷🇺 Ethiopians · Russia
1093
+17
🇮🇳 Gurjaras · India
1076
+18
🇹🇷 Bengalis · Türkiye
1055
+19
🇨🇳 Vietnamese · China
1182
-20
🇨🇳 Teutons · China
1162
-19
🇻🇳 Turks · Vietnam
1063
-15
🇻🇳 Mongols · Vietnam
1060
-15
Amazon Shopping
8:05 Feudal Age
7:53 Loom
12:31 Castle Age
10:49 Double-Bit Axe
12:05 Horse Collar
21:00 Heavy Plow
28:11 Gold Mining
35:48 Imperial Age
34:17 Gold Shaft Mining
33:36 Fletching
33:29 Treadmill Crane
34:57 Bow Saw
37:20 Wheelbarrow
36:46 Pikeman
37:48 Forging
37:39 Scale Mail Armor
38:27 Stone Mining
42:08 Conscription
45:57 Halberdier
47:26 Chain Mail Armor
47:47 Iron Casting
49:30 Plate Mail Armor
50:52 Arson
54:16 Hand Cart
60:45 Blast Furnace
59:41 Bodkin Arrow
60:11 Masonry
61:08 Stone Shaft Mining
61:42 Conscription
60:47 Onager
62:43 Furor Celtica
62:26 Stronghold
64:21 Padded Archer Armor
64:09 Town Watch
65:47 Siege Onager
65:49 Capped Ram
我不知道
8:35 Feudal Age
10:17 Double-Bit Axe
12:42 Castle Age
10:49 Horse Collar
12:02 Fletching
12:50 Crossbowman
18:30 Bodkin Arrow
21:01 Ballistics
21:36 Thumb Ring
29:34 Imperial Age
28:12 Wheelbarrow
31:01 Halberdier
31:42 Squires
31:59 Arbalester
33:47 Bow Saw
34:59 Bracer
36:33 Chemistry
35:39 Padded Archer Armor
36:03 Hand Cart
36:12 Town Watch
36:55 Town Patrol
36:41 Loom
37:18 Leather Archer Armor
40:06 Stone Mining
40:22 Heavy Plow
40:14 Gold Mining
41:11 Conscription
42:38 Murder Holes
42:54 Masonry
42:57 Fortified Wall
44:48 Ring Archer Armor
44:29 Forging
44:19 Scale Mail Armor
44:30 Arson
47:37 Iron Casting
47:17 Chain Mail Armor
52:26 Blast Furnace
51:56 Plate Mail Armor
51:46 Torsion Engines
57:34 Caravan
62:59 Spies/Treason
HSC
8:51 Feudal Age
10:44 Loom
13:42 Castle Age
12:34 Wheelbarrow
12:55 Double-Bit Axe
12:53 Horse Collar
14:00 Fletching
14:11 Padded Archer Armor
18:38 Bodkin Arrow
20:53 Hand Cart
29:41 Imperial Age
30:18 Town Watch
33:47 Heavy Plow
33:59 Bow Saw
35:14 Pikeman
35:54 Squires
37:04 Crop Rotation
37:27 Forging
37:39 Scale Mail Armor
37:17 Halberdier
37:43 Arson
40:46 Iron Casting
42:52 Chain Mail Armor
45:20 Blast Furnace
55:28 Town Patrol
55:33 Elite Skirmisher
56:30 Stone Mining
58:30 Bracer
58:46 Leather Archer Armor
60:44 Ring Archer Armor
60:28 Gold Mining
60:12 Man-at-Arms
60:58 Treadmill Crane
61:09 Heated Shot
61:40 Ballistics
62:21 Chemistry
61:17 Murder Holes
62:29 Two-Man Saw
65:07 Spies/Treason
65:08 Elite Ratha (Ranged)
65:55 Paiks
66:11 Mahayana
--[=====>
6:23 Loom
8:39 Feudal Age
12:31 Castle Age
10:26 Horse Collar
10:34 Double-Bit Axe
11:45 Gold Mining
25:02 Wheelbarrow
27:55 Imperial Age
25:23 Stone Mining
25:49 Bow Saw
25:41 Heavy Plow
26:05 Scale Barding Armor
26:13 Forging
26:52 Hand Cart
27:37 Chain Barding Armor
29:58 Plate Barding Armor
29:58 Iron Casting
29:35 Heavy Camel Rider
30:47 Husbandry
32:16 Frontier Guards
34:04 Bloodlines
35:04 Gold Shaft Mining
36:12 Chemistry
37:36 Kshatriyas
39:31 Elite Shrivamsha Rider
50:51 Conscription
57:32 Caravan
61:50 Spies/Treason
Dong Anh
9:54 Feudal Age
11:15 Double-Bit Axe
15:49 Castle Age
16:26 Bloodlines
24:28 Scale Barding Armor
24:35 Forging
25:30 Husbandry
27:19 Bow Saw
33:23 Imperial Age
33:35 Elite Steppe Lancer
34:38 Conscription
34:47 Horse Collar
46:00 Thumb Ring
55:05 Pikeman
56:56 Squires
公鸡神探
9:52 Feudal Age
13:31 Castle Age
11:25 Double-Bit Axe
12:25 Horse Collar
14:45 Wheelbarrow
14:55 Bow Saw
14:58 Heavy Plow
18:20 Town Watch
19:49 Pikeman
21:18 Scale Mail Armor
21:28 Forging
24:03 Elite Skirmisher
26:16 Chain Mail Armor
26:37 Iron Casting
30:22 Imperial Age
28:36 Bloodlines
28:33 Scale Barding Armor
28:20 Fletching
30:24 Chain Barding Armor
30:23 Cavalier
32:37 Chemistry
31:51 Paladin
34:34 Plate Barding Armor
34:59 Blast Furnace
34:08 Gold Mining
44:22 Plate Mail Armor
49:22 Halberdier
51:06 Bodkin Arrow
51:12 Padded Archer Armor
54:52 Leather Archer Armor
无甲的joe
7:44 Feudal Age
12:45 Castle Age
10:53 Double-Bit Axe
11:10 Horse Collar
14:36 Fletching
25:22 Scale Mail Armor
26:06 Padded Archer Armor
34:50 Imperial Age
32:55 Wheelbarrow
33:21 Town Watch
33:51 Hand Cart
34:18 Bow Saw
34:56 Crossbowman
35:42 Thumb Ring
36:47 Heavy Plow
37:03 Arbalester
38:25 Gold Mining
40:37 Two-Man Saw
39:57 Bodkin Arrow
40:18 Leather Archer Armor
40:30 Ballistics
41:10 Chemistry
42:18 Bracer
43:08 Elite Skirmisher
43:59 Imperial Skirmisher
50:48 Ring Archer Armor
51:02 Paper Money
55:46 Crop Rotation
phamhaianh2109
8:42 Feudal Age
15:21 Castle Age
13:21 Gold Mining
14:15 Double-Bit Axe
32:03 Imperial Age
41:04 Wheelbarrow
42:46 Hand Cart
42:32 Horse Collar
45:49 Heavy Camel Rider
47:59 Forging
47:54 Scale Barding Armor
48:03 Bloodlines
47:53 Husbandry
55:16 Heavy Plow
55:29 Bow Saw
Connection lost

Rejoining the realm…

Still unreachable

The connection could not be restored.

Session expired

The server has moved on; the page needs a fresh start.